 Dungeon Crawl Stone Soup version 0.27-a0-1579-g97d2440184 (webtiles) character file.

Game seed: 4950106687579874771

235442 tilp the Convoker (level 19, 0/146 HPs)
             Began as a Barachi Summoner on July 17, 2021.
             Was the Champion of Okawaru.
             Shot with a bolt by a yaktaur captain (48 damage)
             ... on level 2 of the Vaults.
             The game lasted 01:51:01 (63607 turns).

tilp the Convoker (Barachi Summoner)               Turns: 63607, Time: 01:51:02

Health: 0/146      AC: 27    Str: 17    XL:     19   Next: 17%
Magic:  3/33       EV: 16    Int: 20    God:    Okawaru [******]
Gold:   995        SH:  8    Dex: 21    Spells: 4/38 levels left

rFire    + . .     SeeInvis +   a - +11 morningstar of the Yoke {freeze, Will+ Int+2 SInv}
rCold    + + +     Faith    +   L - +2 buckler {AC+3}
rNeg     + . .     Spirit   .   K - +4 scale mail of Qiusig {Drain rElec rC+++}
rPois    +         Reflect  .   z - +2 helmet
rElec    +         Harm     .   J - +1 cloak "Citiapes" {Slay+6}
rCorr    .         Rampage  .   d - +2 pair of gloves {Str+3}
Will     ++...                  f - +2 pair of boots {Fly}
Stlth    ++........             W - amulet of faith
HPRegen  0.34/turn              o - ring "Naen" {rPois rN+ Str-2 Int+3 Dex+6}
MPRegen  0.23/turn              R - ring of protection from fire

@: marked, flying, slow
A: amphibious, slowness 1, strong legs 2, +LOS
}: 2/15 runes: decaying, serpentine
a: Hop, Renounce Religion, Heroism, Finesse


You were on level 2 of the Vaults.
You worshipped Okawaru.
Okawaru was exalted by your worship.
You visited 7 branches of the dungeon, and saw 34 of its levels.
You also visited: Ice Cave.

You collected 3272 gold pieces.
You spent 2277 gold pieces at shops.

Inventory:

Hand Weapons
 a - the +11 morningstar of the Yoke (weapon) {freeze, Will+ Int+2 SInv}
   (You found it on level 10 of the Dungeon)

   It freezes those it strikes, dealing additional cold damage.
   It can also slow down cold-blooded creatures.
   Int:       It affects your intelligence (+2).
   SInv:      It lets you see invisible.
   Will:      It increases your willpower.
 b - a +6 eveningstar of draining
 C - the +7 great mace "Firestarter" {inner flame, rF++}
   (You took it off an orc on level 8 of the Dungeon)

   It burns those it strikes, dealing additional fire damage.
   It fills those it strikes with an explosive inner flame.
   It grants immunity to clouds of flame.
   rF:        It greatly protects you from fire.
 Z - a +2 demon whip of flaming
Missiles
 i - 123 poisoned darts (quivered)
 B - 2 throwing nets
Armour
 d - a +2 pair of gloves of strength (worn)
 f - a +2 pair of boots of flying (worn)
 z - a +2 helmet (worn)
 D - a +0 kite shield of reflection
 J - the +1 cloak "Citiapes" (worn) {Slay+6}
   (You bought it in a shop on level 8 of the Dungeon)

   Slay:      It affects your accuracy & damage with ranged weapons and melee
   (+6).
 K - the +4 scale mail of Qiusig (worn) {Drain rElec rC+++}
   (You found it on level 11 of the Dungeon)

   rC:        It renders you almost immune to cold.
   rElec:     It insulates you from electricity.
   Drain:     It drains your maximum health when unequipped.
 L - a +2 buckler of protection (worn)
 P - the +5 ring mail "Oczuh" {rElec}
   (You found it on level 2 of the Snake Pit)

   rElec:     It insulates you from electricity.
Jewellery
 o - the ring "Naen" (left hand) {rPois rN+ Str-2 Int+3 Dex+6}
   (You found it on level 4 of the Dungeon)

   [ring of dexterity]

   Str:       It affects your strength (-2).
   Int:       It affects your intelligence (+3).
   Dex:       It affects your dexterity (+6).
   rPois:     It protects you from poison.
   rN:        It protects you from negative energy.
 R - a ring of protection from fire (right hand)
 S - a +6 ring of dexterity
 W - an amulet of faith (around neck)
 Y - an amulet of magic regeneration
Wands
 h - a wand of flame (106)
 l - a wand of paralysis (25)
 w - a wand of iceblast (38)
 y - a wand of acid (8)
 G - a wand of polymorph (53)
 M - a wand of mindburst (15)
 X - a wand of digging (3)
Scrolls
 g - 5 scrolls of fog
 u - 4 scrolls of silence
 x - a scroll of amnesia
 A - 4 scrolls of enchant armour
 H - 6 scrolls of teleportation
 N - 4 scrolls of magic mapping
 O - 3 scrolls of blinking
 T - 2 scrolls of fear
 V - 3 scrolls of summoning
Potions
 c - 4 potions of might
 e - 2 potions of invisibility
 j - 6 potions of resistance
 k - 4 potions of heal wounds
 m - 6 potions of haste
 p - 6 potions of attraction
 r - 3 potions of magic
 t - 3 potions of lignification
 v - 12 potions of curing
 F - 4 potions of mutation
 Q - 2 potions of berserk rage
 U - a potion of ambrosia
Miscellaneous
 q - a condenser vane
 E - a lightning rod (4/4)
 I - a phantom mirror


   Skills:
 + Level 12.2 Fighting
 - Level 16.0 Maces & Flails
 - Level 6.0 Throwing
 - Level 8.0 Armour
 - Level 10.0 Dodging
 - Level 6.0 Stealth
 - Level 4.0 Shields
 - Level 10.0 Spellcasting
 - Level 4.0 Hexes
 - Level 20.0 Summonings
 - Level 4.0 Translocations
 - Level 4.0 Air Magic
 - Level 12.0 Invocations
 - Level 8.0 Evocations


You had 4 spell levels left.
You knew the following spells:

 Your Spells              Type           Power      Damage    Failure   Level
a - Shadow Creatures      Summ           N/A        N/A       1%          6
b - Summon Hydra          Summ           37%        N/A       4%          7
c - Monstrous Menagerie   Summ           37%        N/A       4%          7
e - Summon Lightning Spi  Summ/Air       55%        N/A       1%          4
f - Summon Forest         Summ/Tloc      27%        N/A       4%          5
g - Summon Mana Viper     Hex/Summ       55%        N/A       4%          5

Your spell library contained the following spells:

 Spells                   Type           Power      Damage    Failure   Level
 Summon Small Mammal      Summ           100%       N/A       0%          1
 Call Imp                 Summ           74%        N/A       0%          2
 Call Canine Familiar     Summ           74%        N/A       0%          3
 Summon Guardian Golem    Hex/Summ       55%        N/A       1%          3
 Apportation              Tloc           52%        N/A       3%          1
 Summon Ice Beast         Ice/Summ       50%        N/A       3%          4
 Lesser Beckoning         Tloc           13%        N/A       12%         3
 Swiftness                Air            26%        N/A       12%         3
 Corpse Rot               Necr/Air       N/A        N/A       13%         2
 Ensorcelled Hibernation  Hex/Ice        36%        N/A       13%         2
 Animate Skeleton         Necr           20%        N/A       21%         1
 Pain                     Necr           40%        1d6       21%         1
 Passwall                 Tmut/Erth      8%         N/A       30%         2
 Airstrike                Air            13%        N/A       36%         4
 Passage of Golubria      Tloc           N/A        N/A       36%         4
 Spider Form              Tmut/Pois      5%         N/A       52%         3
 Vampiric Draining        Necr           5%         2d6       52%         3
 Fulminant Prism          Conj/Hex       9%         3d7       65%         4
 Iskenderun's Mystic Bla  Conj/Tloc      18%        2d6       65%         4
 Dispel Undead            Necr           10%        3d9       89%         4
 Lightning Bolt           Conj/Air       9%         1d21      94%         5
 Freezing Cloud           Conj/Ice/Air   7%         6-21      97%         5
 Alistair's Intoxication  Tmut/Pois      6%         N/A       99%         5
 Fireball                 Conj/Fire      5%         3d5       99%         5
 Lee's Rapid Deconstruct  Erth           5%         3d7*      99%         5
 Invisibility             Hex            13%        N/A       99%         6
 Death Channel            Necr           5%         N/A       100%        6
 Eringya's Noxious Bog    Tmut/Pois      5%         N/A       100%        6
 Simulacrum               Ice/Necr       5%         N/A       100%        6
 Starburst                Conj/Fire      5%         8x6d4     100%        6
 Ignition                 Fire           5%         3d4       100%        8
 Polar Vortex             Ice            5%         N/A       100%        9


Dungeon Overview and Level Annotations

Branches:
Dungeon (15/15)            Temple (1/1) D:4            Lair (6/6) D:9
  Swamp (4/4) Lair:4        Snake (4/4) Lair:3        Slime (0/5) Lair:6
    Orc (2/2) D:12            Elf (0/3) Orc:2        Vaults (2/5) D:14
 Depths (0/5) D:15          IceCv (visited)
  Crypt: Vaults:2-3

Altars:
Ashenzari
Cheibriados
Dithmenos
Elyvilon
Fedhas
Gozag
Hepliaklqana
Kikubaaqudgha
Makhleb
Nemelex Xobeh
Okawaru
Qazlal
Ru
Sif Muna
Trog
Uskayaw
Vehumet
Wu Jian
Xom
Yredelemnul
Zin
The Shining One
Beogh
Jiyva

Shops:
D:8 *   Orc:1 !   Orc:2 [[!?   Snake:3 ?::[


Innate Abilities, Weirdness & Mutations

You are amphibious.
You cover ground slowly.
You can hop long distances.
You have an extended range of vision and can be seen from far away.


Message History

The ironbound beastmaster hits you with a +0 whip!
* * * LOW HITPOINT WARNING * * *
Unknown command.
You puncture the ironbound beastmaster! You freeze the ironbound beastmaster.
The ironbound beastmaster is moderately wounded.
Your ironbound beastmaster misses the ironbound beastmaster.
The ironbound beastmaster closely misses you.
Unknown command.
You perforate the ironbound beastmaster like a sieve!!!
You freeze the ironbound beastmaster!
You kill the ironbound beastmaster!
Okawaru accepts your kill.
An ironbound preserver comes into view. It is wielding a +0 flail.
Unknown command.
You impale the dire elephant!! You freeze the dire elephant.
The dire elephant is moderately wounded.
Unknown command.
You thump the dire elephant! You freeze the dire elephant.
The dire elephant is moderately wounded.
Your ironbound beastmaster hits the dire elephant with a +0 quarterstaff.
The dire elephant tramples you but does no damage.
The dire elephant trunk-slaps you.
* * * LOW HITPOINT WARNING * * *
Unknown command.
You impale the dire elephant!! You freeze the dire elephant!
The dire elephant is heavily wounded.
You block the dire elephant's attack. The dire elephant misses you.
Your ironbound beastmaster hits the dire elephant with a +0 quarterstaff!!
Unknown command.
You sock the dire elephant! You freeze the dire elephant.
The dire elephant is almost dead.
A large slime creature comes into view.
The ironbound preserver completely misses you.
Unknown command.
You sock the dire elephant! You freeze the dire elephant.
You kill the dire elephant!
Okawaru accepts your kill.
The yaktaur captain wields a +0 arbalest.
The yaktaur captain shoots a bolt.
The bolt hits you!!!
You die...

*,,...,,,,..+,*++*,*
*,,,#..,*,..#**≈≈***
#.,,#...#,..#**≈≈***
#.###...###.+,*++*,*
*...........+,,,,,,*******
#,....#....c#,,,,,,+,,**,,
#.,......u..#*******,,**,,
#.###...###J# *,,**,,**
#...#...#@)c# *,,**,,**
#...#...#pp.# ***,,**,,
#.......)...# ***,,**,,
####+######## *,,**,,**
***#.#*** *,,**,,**
**,#...#,** ***,,**,,
**,.......,** *,,**,,
*...#.u.#...* ***+****
##.###.###.##********,,,,,,*


You could see an ironbound preserver, a yaktaur captain, a large slime creature
and a friendly ironbound beastmaster (summoned).

Vanquished Creatures
  Saint Roka (D:14)
  A bone dragon (Swamp:4)
  Kirke (Lair:6)
  A nagaraja (Snake:2)
  A vault warden (Vaults:2)
  5 ironbound preservers
  2 very ugly things (Vaults:2)
  The ghost of Nattefrost the Fighter, a journeyman FoFi of Makhleb (Lair:6)
  A dire elephant (Vaults:2)
  A bunyip (Swamp:4)
  Snorg (Orc:1)
  The ghost of Danufek the Spear-Bearer, a journeyman MfGl of Okawaru (Lair:4)
  2 ettins
  An eleionoma (Swamp:4)
  A crystal guardian (D:14)
  A yaktaur captain (Vaults:2)
  2 boulder beetles (D:12)
  A peacekeeper (Vaults:1)
  4 naga warriors
  4 salamander tyrants (Snake:4)
  An ironbound thunderhulk (Vaults:2)
  11 anacondas
  A ghost crab (Swamp:3)
  A vault guard (D:14)
  The ghost of tilp the Summoner, a journeyman BaSu of Okawaru (Lair:1)
  9 hydras
  A spriggan air mage (Swamp:2)
  5 centaur warriors
  A catoblepas (Lair:6)
  2 ironbound frosthearts (Vaults:2)
  13 death yaks
  2 tengu warriors (D:14)
  4 two-headed ogres (D:12)
  8 alligators
  An ironbound beastmaster (Vaults:2)
  5 shock serpents
  5 orc high priests (Orc:2)
  10 naga sharpshooters
  5 salamander mystics
  2 goliath frogs
  2 spriggan druids (Swamp:3)
  A death drake (Swamp:4)
  4 spectral hydras (Swamp:4)
  7 ironbound convokers
  2 wizards
  5 bog bodies
  2 sea snakes (Snake:4)
  5 lindwurms
  2 necromancers
  5 deep trolls
  6 orc knights (Orc:2)
  5 naga ritualists
  A harpy (D:14)
  2 oklob plants
  A deep elf pyromancer (D:12)
  2 cyclopes
  9 mana vipers
  23 ugly things
  3 orc sorcerers
  3 manticores
  6 elephants
  A will-o-the-wisp (Swamp:4)
  19 salamanders
  5 vault sentinels
  Maurice (D:11)
  8 guardian serpents
  6 naga magi
  2 ice statues (IceCv)
  21 black mambas
  A gargoyle (D:12)
  4 cane toads
  3 unseen horrors
  4 yaktaurs (Vaults:2)
  2 rime drakes
  A kobold demonologist (D:12)
  8 komodo dragons
  2 swamp worm zombies (Swamp:4)
  A yaktaur (shapeshifter) (D:15)
  An ice devil (D:11)
  4 hydra zombies (Swamp:4)
  2 tengu conjurers (D:15)
  A troll (D:12)
  7 tyrant leeches
  2 polar bears (Lair:6)
  A spectral dream sheep (Lair:4)
  An alligator zombie (Swamp:4)
  A hornet (D:10)
  A spectral swamp dragon (Swamp:4)
  11 blink frogs
  20 slime creatures
  2 dream sheep (Lair:5)
  2 water elementals (D:15)
  A shadow (D:13)
  7 wraiths
  A wyvern (Lair:2)
  3 spriggans (Swamp:3)
  60 yaks
  2 basilisks
  A hog (Lair:6)
  A spectral komodo dragon (Lair:4)
  18 humans (D:14)
  A death yak simulacrum (IceCv)
  A vampire mosquito (D:12)
  An acid dragon (D:12)
  7 swamp worms
  4 wargs
  15 nagas
  9 water moccasins
  10 nameless horrors
  28 orc warriors
  A black bear (D:4)
  A sky beast (D:7)
  3 boggarts (Lair:6)
  2 ogres (Orc:2)
  2 swamp dragon zombies (Swamp:4)
  29 wolves
  2 phantoms (Swamp:4)
  7 centaurs
  2 kobold brigands
  11 bullfrogs
  2 cane toad simulacra
  3 scorpions
  A hornet simulacrum (D:15)
  8 killer bees
  7 wights
  A howler monkey (D:5)
  A vampire bat (D:4)
  7 electric eels
  3 hounds (D:9)
  A jelly (D:7)
  A komodo dragon simulacrum (Lair:4)
  16 orc priests
  A bullfrog skeleton (D:4)
  A gnoll shaman (D:8)
  2 iguanas (D:4)
  15 orc wizards
  3 yak simulacra (D:13)
  A killer bee zombie (D:8)
  2 polar bear simulacra (D:13)
  A hound skeleton (D:4)
  A howler monkey zombie (D:9)
  4 gnolls
  An adder (D:2)
  2 shadow imps
  A white imp (D:7)
  An ufetubus (D:5)
  An adder skeleton (D:4)
  2 dart slugs
  78 orcs
  8 ball pythons
  12 bats
  A bat zombie (D:6)
  4 endoplasms
  2 giant cockroaches (D:3)
  6 hobgoblins
  6 jackals
  2 quokkas
  A frilled lizard (D:1)
  5 goblins
  13 kobolds
  3 rats
  3 river rat simulacra (D:13)
826 creatures vanquished.

Vanquished Creatures (collateral kills)
  Nikola (Vaults:1)
  A sphinx (Vaults:2)
  Donald (Snake:1)
  A nagaraja (Snake:4)
  Aizul (Snake:2)
  2 vault wardens (Vaults:2)
  A very ugly thing (Vaults:2)
  Josephine (Orc:1)
  2 yaktaur captains (Vaults:2)
  The ghost of zurenarrh the Grappler, a journeyman TrBe of Trog (D:11)
  A naga warrior (Snake:3)
  7 hydras
  A spriggan air mage (Swamp:1)
  2 salamander tyrants (Snake:4)
  2 ghost crabs (Swamp:4)
  2 anacondas
  A boulder beetle (D:14)
  2 two-headed ogres
  2 vault guards
  2 catoblepae (Lair:6)
  A death knight (D:12)
  4 death yaks
  4 alligators
  Erica (Lair:2)
  An ironbound beastmaster (Vaults:1)
  2 tengu warriors (D:15)
  5 naga sharpshooters
  Urug (Lair:1)
  An orc high priest (Orc:1)
  A hell knight (D:15)
  A spriggan berserker (Swamp:1)
  3 salamander mystics
  3 naga ritualists
  A goliath frog (Swamp:2)
  3 deep trolls
  3 spectral hydras
  2 bog bodies (Swamp:4)
  2 lindwurms
  2 harpies (D:14)
  A wizard (D:14)
  2 orc knights
  A phantasmal warrior (Swamp:4)
  2 ironbound convokers
  2 mana vipers (Snake:4)
  4 ugly things
  2 salamanders
  A will-o-the-wisp (Swamp:1)
  3 manticores
  2 elephants (Lair:6)
  5 black mambas
  4 naga magi
  A guardian serpent (Snake:4)
  A vault sentinel (Vaults:2)
  5 cane toads
  3 komodo dragons
  A gargoyle (D:12)
  A rime drake (Lair:5)
  A swamp worm zombie (Swamp:4)
  Maggie (D:7)
  2 yaktaurs (Vaults:2)
  An ice devil (D:11)
  A hydra zombie (Swamp:4)
  A bloated husk (Swamp:4)
  4 trolls
  3 hornets
  2 tyrant leeches
  3 dream sheep (Lair:5)
  2 blink frogs
  6 slime creatures
  A spectral swamp dragon (Swamp:4)
  3 alligator zombies (Swamp:4)
  A spectral black mamba (Lair:4)
  2 spriggans (Swamp:1)
  Sigmund (D:5)
  2 wraiths
  2 wyverns
  3 water elementals
  19 yaks
  2 humans (D:14)
  A basilisk (Lair:3)
  4 vampire mosquitoes (D:12)
  A warg (Orc:2)
  3 swamp worms
  11 nagas
  7 water moccasins
  A black bear (D:6)
  16 orc warriors
  A swamp drake (Swamp:1)
  2 sky beasts
  A boggart (Lair:6)
  2 necrophages (D:6)
  3 centaurs
  2 ogres
  9 wolves
  7 nameless horrors
  6 phantoms
  A gnoll sergeant (D:9)
  A bullfrog (Lair:1)
  A wyvern zombie (D:7)
  A scorpion (D:7)
  A water moccasin zombie (D:6)
  3 killer bees
  4 wights
  3 howler monkeys (D:8)
  An electric eel (D:15)
  5 jellies (D:11)
  23 orc priests
  A gnoll shaman (D:6)
  2 hounds
  4 iguanas
  9 orc wizards
  A yak simulacrum (D:13)
  A wolf simulacrum (IceCv)
  A hound skeleton (D:4)
  A howler monkey zombie (D:9)
  10 gnolls
  3 adders
  49 orcs
  3 bats
  3 endoplasms
  A giant cockroach (D:3)
  4 goblins
  5 hobgoblins (Orc:1)
  6 jackals
  7 kobolds
  4 quokkas
  A frilled lizard (D:1)
  2 rats
  2 river rat simulacra (D:13)
420 creatures vanquished.

Vanquished Creatures (others)
  2 hydras
  A spriggan air mage (Swamp:1)
  A two-headed ogre (D:10)
  A death yak (Lair:6)
  A goliath frog (Swamp:3)
  A swamp worm zombie (Swamp:4)
  A troll (D:9)
  4 bloated husks
  A tyrant leech (Swamp:3)
  4 humans (Lair:6)
  Menkaure (D:7)
  Edmund (D:5)
  A black bear (D:4)
  2 orc warriors
  Crazy Yiuf (D:5)
  A polar bear simulacrum (IceCv)
  An orc (D:7)
  7 foxfires
  32 fungi
  74 plants
  2 snaplasher vines
140 creatures vanquished.

Grand Total: 1386 creatures vanquished

Notes
Turn   | Place    | Note
-------+----------+-------------------------------------------
     0 | D:1      | tilp the Barachi Summoner began the quest for the Orb.
     0 | D:1      | Reached XP level 1. HP: 13/13 MP: 3/3
    88 | D:1      | Reached skill level 1 in Fighting
   296 | D:1      | Reached XP level 2. HP: 9/22 MP: 1/5
   571 | D:1      | Learned a level 2 spell: Call Imp
   719 | D:1      | Reached skill level 5 in Summonings
  1271 | D:1      | Reached XP level 3. HP: 22/27 MP: 3/6
  1447 | D:1      | Found a faded altar of an unknown god.
  2128 | D:2      | Learned a level 3 spell: Call Canine Familiar
  2237 | D:2      | Found a glowing golden altar of the Shining One.
  2521 | D:2      | Reached XP level 4. HP: 28/33 MP: 2/8
  3416 | D:3      | Reached skill level 6 in Summonings
  4359 | D:4      | Noticed a black bear
  4413 | D:4      | Reached XP level 5. HP: 39/39 MP: 3/9
  4576 | D:4      | Identified the ring "Naen" {rPois rN+ Str-2 Int+3 Dex+6}
  4679 | D:4      | Noticed a nameless horror
  4704 | D:3      | Killed a nameless horror
  4899 | D:4      | Noticed a phantom
  4940 | D:4      | Found a snail-covered altar of Cheibriados.
  4964 | D:4      | Reached XP level 6. HP: 47/47 MP: 4/10
  5033 | D:4      | Learned a level 3 spell: Summon Guardian Golem
  5103 | D:4      | Found a staircase to the Ecumenical Temple.
  5118 | Temple   | Entered the Ecumenical Temple
  5578 | D:4      | Noticed a black bear
  5582 | D:4      | Found a sparkling altar of Nemelex Xobeh.
  6101 | D:5      | Entered Level 5 of the Dungeon
  6148 | D:5      | Noticed a sky beast
  6157 | D:5      | Noticed Edmund
  6157 | D:5      | Killed a sky beast
  6158 | D:5      | Reached XP level 7. HP: 54/54 MP: 1/11
  6159 | D:5      | Noticed Sigmund
  6408 | D:5      | Killed Edmund
  6746 | D:5      | Found a runed translucent door.
  6747 | D:5      | Noticed Crazy Yiuf
  7236 | D:4      | Reached skill level 7 in Summonings
  8305 | D:4      | Learned a level 4 spell: Summon Lightning Spire
  8340 | D:4      | Reached skill level 8 in Summonings
  8579 | D:5      | Reached XP level 8. HP: 60/60 MP: 9/14
  8594 | D:5      | Reached skill level 1 in Maces & Flails
  9284 | D:5      | Killed Crazy Yiuf
  9509 | D:5      | Killed Sigmund
  9744 | D:6      | Reached skill level 5 in Fighting
 10693 | D:6      | Reached skill level 5 in Maces & Flails
 10992 | D:6      | Found an ancient bone altar of Kikubaaqudgha.
 11165 | D:7      | Noticed Menkaure
 11178 | D:7      | Killed Menkaure
 11520 | D:7      | Reached XP level 9. HP: 56/68 MP: 13/15
 11658 | D:7      | Reached skill level 1 in Air Magic
 11903 | D:7      | Reached skill level 1 in Evocations
 12535 | D:7      | Noticed Maggie
 13084 | D:7      | Found a glowing silver altar of Zin.
 13480 | D:6      | Reached skill level 9 in Summonings
 13688 | D:7      | Paralysed by Maggie for 3 turns
 13701 | D:7      | Killed Maggie
 13831 | D:7      | Found an iron altar of Okawaru.
 13958 | D:7      | Became a worshipper of Warmaster Okawaru
 14150 | D:8      | Reached skill level 5 in Spellcasting
 14150 | D:8      | Reached skill level 1 in Invocations
 15013 | D:8      | Noticed a two-headed ogre
 15027 | D:8      | Killed a two-headed ogre
 15028 | D:8      | Reached skill level 10 in Summonings
 15028 | D:8      | Reached XP level 10. HP: 27/76 MP: 2/18
 15635 | D:8      | Found Yruetug's Neck Hole.
 15688 | D:8      | Found a glowing golden altar of the Shining One.
 15819 | D:9      | Found a broken altar of Ashenzari.
 15821 | D:9      | Found a shimmering blue altar of Sif Muna.
 15821 | D:9      | Found a sacrificial altar of Ru.
 15943 | D:9      | Reached * piety under Okawaru
 16412 | D:9      | Found an opulent altar of Gozag.
 16492 | D:9      | Reached ** piety under Okawaru
 17095 | D:9      | Reached skill level 11 in Summonings
 17125 | D:9      | Found a staircase to the Lair.
 17256 | D:9      | Reached *** piety under Okawaru
 17778 | D:8      | Bought the +1 cloak "Citiapes" {Slay+6} for 500 gold pieces
 17812 | D:10     | Entered Level 10 of the Dungeon
 17893 | D:10     | Noticed a two-headed ogre
 17902 | D:10     | Killed a two-headed ogre
 17903 | D:10     | Reached skill level 12 in Summonings
 17983 | D:10     | Noticed a two-headed ogre
 17992 | D:10     | Killed a two-headed ogre
 17993 | D:10     | Reached skill level 1 in Armour
 18064 | D:10     | Identified the +11 morningstar of the Yoke {freeze, Will+
                  | Int+2 SInv}
 18166 | D:10     | Reached XP level 11. HP: 74/82 MP: 8/20
 18355 | D:10     | Reached **** piety under Okawaru
 18543 | D:10     | Found a hide-covered altar of Uskayaw.
 18932 | D:7      | Found a hazy altar of Hepliaklqana.
 19076 | D:11     | Reached skill level 5 in Dodging
 19267 | D:11     | Found a runed translucent gate.
 19267 | D:11     | Found a runed translucent gate.
 19267 | D:11     | Found a runed translucent gate.
 19323 | D:11     | Reached skill level 5 in Invocations
 19398 | D:11     | Noticed Maurice
 19409 | D:11     | Killed Maurice
 19412 | D:11     | Identified the +4 scale mail of Qiusig {Drain rElec rC+++}
 19448 | D:11     | Found a frozen archway.
 19467 | IceCv    | Entered an ice cave
 19467 | IceCv    | Noticed a white ugly thing
 19467 | IceCv    | Found a transporter.
 19478 | IceCv    | Killed a white ugly thing
 19568 | IceCv    | Noticed a white ugly thing
 19571 | IceCv    | Found a transporter.
 19588 | IceCv    | Killed a white ugly thing
 19604 | IceCv    | Reached ***** piety under Okawaru
 19606 | IceCv    | Identified the +0 spear of Exoneration {flame, rElec rN+}
 20047 | D:11     | Noticed zurenarrh's ghost (journeyman TrBe)
 20560 | D:11     | Noticed a purple ugly thing
 20586 | D:11     | Killed a purple ugly thing
 20819 | D:11     | Found a viscous altar of Jiyva.
 21008 | Lair:1   | Entered Level 1 of the Lair of Beasts
 21027 | Lair:1   | Noticed Urug
 21039 | Lair:1   | Killed Urug
 21193 | Lair:1   | Reached XP level 12. HP: 62/92 MP: 21/21
 21199 | Lair:1   | Learned a level 5 spell: Summon Forest
 21206 | Lair:1   | Learned a level 6 spell: Shadow Creatures
 21427 | Lair:1   | Found a runed translucent gate.
 21428 | Lair:1   | Found a runed translucent gate.
 21429 | Lair:1   | Found a runed translucent gate.
 21429 | Lair:1   | Noticed a nine-headed hydra
 21432 | Lair:1   | Noticed a nine-headed hydra
 21432 | Lair:1   | Noticed tilp's ghost (journeyman BaSu)
 22192 | Lair:2   | Noticed Erica
 22202 | Lair:2   | Killed Erica
 22275 | Lair:2   | Noticed a death yak
 22283 | Lair:2   | Noticed a death yak
 22308 | Lair:2   | Killed a death yak
 22308 | Lair:2   | Received a gift from Okawaru
 22315 | Lair:2   | Noticed a death yak
 22318 | Lair:2   | Noticed a death yak
 22439 | Lair:1   | Killed a death yak
 22443 | Lair:1   | Killed a death yak
 22606 | Lair:2   | Noticed a death yak
 22618 | Lair:2   | Killed a death yak
 22619 | Lair:2   | Reached skill level 10 in Maces & Flails
 22619 | Lair:2   | Killed a death yak
 22902 | Lair:2   | Noticed a seven-headed hydra
 22925 | Lair:2   | Killed a seven-headed hydra
 22926 | Lair:2   | Reached skill level 1 in Translocations
 23960 | Lair:3   | Reached skill level 13 in Summonings
 23963 | Lair:3   | Gained mutation: You can hop long distances. [Barachi
                  | growth]
 23963 | Lair:3   | Reached XP level 13. HP: 66/98 MP: 9/23
 24173 | Lair:3   | Reached ****** piety under Okawaru
 24509 | Lair:3   | Identified the +9 hand axe of the Hungering Fool {vorpal,
                  | Contam Will+++ Dex-5 Stlth+}
 24794 | Lair:2   | Reached skill level 14 in Summonings
 24931 | Lair:3   | Found a staircase to the Snake Pit.
 24950 | Lair:3   | Received a gift from Okawaru
 25121 | Lair:3   | Identified the +1 rapier "Zeajiwaxu" {flame, Str+3 Stlth+}
 25590 | Lair:3   | Identified a scroll of acquirement
 25590 | Lair:3   | Acquired a Fen Folio
 26187 | Lair:4   | Found a runed translucent gate.
 26187 | Lair:4   | Found a runed translucent gate.
 26193 | Lair:4   | Found a runed translucent gate.
 26198 | Lair:4   | Noticed Danufek's ghost (journeyman MfGl)
 26347 | Lair:4   | Found a staircase to the Swamp.
 26739 | Lair:4   | Learned a level 5 spell: Summon Mana Viper
 26760 | Lair:5   | Reached skill level 15 in Summonings
 26770 | Lair:4   | Reached skill level 1 in Hexes
 27800 | Lair:5   | Found a broken altar of Ashenzari.
 28217 | Lair:6   | Entered Level 6 of the Lair of Beasts
 28224 | Lair:6   | Noticed Kirke
 28237 | Lair:5   | Reached skill level 16 in Summonings
 28239 | Lair:5   | Reached XP level 14. HP: 105/105 MP: 1/26
 28380 | Lair:5   | Received a gift from Okawaru
 28570 | Lair:6   | Killed Kirke
 28602 | Lair:5   | Reached skill level 5 in Armour
 29112 | Lair:6   | Found a staircase to the Slime Pits.
 29123 | Lair:6   | Found a runed translucent door.
 29123 | Lair:6   | Noticed Nattefrost's ghost (journeyman FoFi)
 29144 | Lair:6   | Reached skill level 5 in Stealth
 30359 | Lair:6   | Identified the +3 plate armour of Tartarus {rF++} (Okawaru
                  | gifted it to you on level 6 of the Lair of Beasts)
 30359 | Lair:6   | Received a gift from Okawaru
 31923 | D:12     | Found a staircase to the Orcish Mines.
 32203 | D:12     | Reached skill level 10 in Fighting
 32604 | D:12     | Received a gift from Okawaru
 33059 | D:12     | Reached XP level 15. HP: 106/116 MP: 27/27
 33322 | D:12     | Identified the +7 plate armour "Kustroott" {rC- Will+++
                  | Str+8 Int-5} (Okawaru gifted it to you on level 12 of the
                  | Dungeon)
 33322 | D:12     | Received a gift from Okawaru
 33524 | Orc:1    | Entered Level 1 of the Orcish Mines
 33524 | Orc:1    | Found Cyskum's Distillery.
 33678 | Orc:1    | Noticed Josephine
 33692 | Orc:1    | Killed Josephine
 34238 | Orc:2    | Entered Level 2 of the Orcish Mines
 34242 | Orc:2    | Found Pukurgheo's Antique Armour Shoppe.
 34658 | Orc:2    | Found a staircase to the Elven Halls.
 35308 | Orc:1    | Noticed Snorg
 35322 | Orc:1    | Killed Snorg
 36122 | Orc:2    | Reached skill level 10 in Dodging
 36486 | Orc:2    | Received a gift from Okawaru
 36943 | Orc:2    | Found Ydawnip's Armour Shop.
 36946 | Orc:2    | Found Biotwarch's Magic Scroll Boutique.
 36948 | Orc:2    | Found Redikh's General Store.
 36949 | Orc:2    | Found Ohait's Distillery.
 36957 | Orc:2    | Bought a potion of heal wounds for 65 gold pieces
 36957 | Orc:2    | Bought 2 potions of invisibility for 208 gold pieces
 36957 | Orc:2    | Bought a potion of heal wounds for 65 gold pieces
 36957 | Orc:2    | Bought a potion of ambrosia for 104 gold pieces
 37045 | Orc:1    | Bought a potion of heal wounds for 85 gold pieces
 37045 | Orc:1    | Bought a potion of heal wounds for 85 gold pieces
 37045 | Orc:1    | Bought a potion of heal wounds for 85 gold pieces
 37061 | Orc:2    | Bought a jewelled ring mail for 198 gold pieces
 37061 | Orc:2    | Identified the +0 ring mail "Yciniw" {Will+ Dex+9} (You
                  | bought it in a shop on level 2 of the Orcish Mines)
 37157 | Orc:2    | Bought a scroll of summoning for 133 gold pieces
 37157 | Orc:2    | Bought a scroll of enchant armour for 105 gold pieces
 37317 | D:8      | Bought an amulet of faith for 480 gold pieces
 37408 | D:11     | Killed zurenarrh's ghost
 37481 | D:11     | Identified the amulet of Teth {Spirit Dex+7}
 37839 | D:13     | Identified the +1 chain mail of Lethargy {Rampage rF++ rC+
                  | MP-9}
 38743 | D:14     | Reached skill level 1 in Throwing
 38745 | D:14     | Received a gift from Okawaru
 39201 | D:14     | Found a stormy altar of Qazlal.
 39821 | D:14     | Found a gate to the Vaults.
 39978 | D:14     | Reached XP level 16. HP: 107/127 MP: 17/28
 40050 | D:15     | Entered Level 15 of the Dungeon
 40114 | D:15     | Received a gift from Okawaru
 40606 | D:15     | Found a sacrificial altar of Ru.
 40990 | D:15     | Reached skill level 5 in Throwing
 41001 | D:15     | Received a gift from Okawaru
 41522 | D:15     | Found a staircase to the Depths.
 41855 | Lair:1   | Killed tilp's ghost
 42074 | Lair:4   | Killed Danufek's ghost
 42264 | Lair:6   | Killed Nattefrost's ghost
 42447 | Swamp:1  | Entered Level 1 of the Swamp
 43302 | Swamp:1  | Received a gift from Okawaru
 43495 | Swamp:1  | Reached skill level 5 in Evocations
 43964 | Swamp:2  | Identified the +7 double sword of Okawaru's Hatred
                  | {antimagic, rElec Int+2} (Okawaru gifted it to you on level
                  | 2 of the Swamp)
 43964 | Swamp:2  | Received a gift from Okawaru
 44339 | Swamp:2  | Reached skill level 10 in Invocations
 45542 | Swamp:3  | Received a gift from Okawaru
 46033 | Swamp:4  | Entered Level 4 of the Swamp
 46670 | Swamp:4  | Acquired the Grimoire of Supportive Orientation
 47076 | Swamp:4  | Reached XP level 17. HP: 44/133 MP: 17/29
 47110 | Swamp:4  | HP: 3/133 [death drake (6)]
 47834 | Swamp:4  | Received a gift from Okawaru
 48599 | Swamp:4  | Noticed a bone dragon
 48614 | Swamp:4  | Killed a bone dragon
 48825 | Swamp:4  | Got a decaying rune of Zot
 49182 | Snake:1  | Entered Level 1 of the Snake Pit
 49466 | Snake:1  | Received a gift from Okawaru
 49908 | Snake:1  | Noticed Donald
 49919 | Snake:1  | Killed Donald
 50927 | Snake:2  | Noticed Aizul
 50942 | Snake:2  | Reached skill level 15 in Maces & Flails
 50943 | Snake:2  | Killed Aizul
 51541 | Snake:2  | Identified the +5 ring mail "Oczuh" {rElec}
 51963 | Snake:3  | Found Fuuqour's Book Shop.
 51964 | Snake:3  | Found Moggur's Book Boutique.
 51965 | Snake:3  | Found Pyxywnio's Antique Armour Shop.
 51977 | Snake:3  | Received a gift from Okawaru
 52018 | Snake:3  | Found Muyptuma's Magic Scroll Boutique.
 52300 | Snake:3  | Bought a scroll of blinking for 82 gold pieces
 52300 | Snake:3  | Bought a scroll of enchant weapon for 82 gold pieces
 52320 | Snake:3  | Identified the +0 helmet of the Wumpus {rElec Dex+7}
                  | (Okawaru gifted it to you on level 3 of the Snake Pit)
 52320 | Snake:3  | Received a gift from Okawaru
 53392 | Snake:4  | Entered Level 4 of the Snake Pit
 54665 | Snake:4  | Reached XP level 18. HP: 140/140 MP: 30/30
 55745 | Snake:4  | Received a gift from Okawaru
 56560 | Snake:4  | Reached skill level 17 in Summonings
 57966 | Snake:4  | Identified the +0 plate armour of the Everdark {Harm rElec
                  | Will+} (Okawaru gifted it to you on level 4 of the Snake
                  | Pit)
 57966 | Snake:4  | Received a gift from Okawaru
 58165 | Snake:4  | Got a serpentine rune of Zot
 58174 | Snake:4  | Learned a level 7 spell: Summon Hydra
 58184 | Snake:4  | Learned a level 7 spell: Monstrous Menagerie
 58558 | Vaults:1 | Entered Level 1 of the Vaults
 58558 | Vaults:1 | Noticed Saint Roka
 59788 | D:14     | Killed Saint Roka
 59789 | D:14     | Reached skill level 18 in Summonings
 60321 | Vaults:1 | Noticed Nikola
 60329 | Vaults:1 | Killed Nikola
 60330 | Vaults:1 | Reached skill level 10 in Spellcasting
 61425 | D:14     | Found a stormy altar of Qazlal.
 62436 | Vaults:1 | You are sucked into a shaft and drop 1 floor!
 62678 | Vaults:2 | Received a gift from Okawaru
 62793 | Vaults:2 | Reached skill level 19 in Summonings
 63387 | Vaults:2 | Reached XP level 19. HP: 144/146 MP: 6/33
 63579 | Vaults:2 | Reached skill level 20 in Summonings
 63581 | Vaults:2 | Received a gift from Okawaru
 63607 | Vaults:2 | Shot with a bolt by a yaktaur captain

Illustrated notes

Levels and vault maps discovered:
D:1:      ncdulo_wetmaze, layout_basic, shapermc_ecumenical_altar_mp_highgroup,
          amcnicky_mini_corridor_feature
D:2:      layout_rooms, basic_altar, chequers_serial_rivers_micro_d,
          serial_park_tiny_pond
D:3:      layout_basic, grunt_ministairs_1, minmay_misc_feat_secret_circle
D:4:      layout_loops_cross, kennysheep_slug_shrine,
          nicolae_overflow_crystal_walls, temple_pool_b,
          minmay_misc_feat_more_columns, roderic_batcave
D:5:      layout_loops_ring, uniq_sigmund, uniq_edmund, uniq_crazy_yiuf_cottage
D:6:      layout_basic, lemuel_zombie_altar_kikubaaqudgha
D:7:      layout_basic, lemuel_coloured_pillars_altar, zin_treasury,
          mainiacjoe_overflow_alcove_1, uniq_maggie, uniq_menkaure
D:8:      layout_layer_cave, lemuel_crystal_altar, special_room
          [special_room_orc], kennysheep_minor_cross, st_stairs_2,
          nicolae_shop_sticking_my_neck_out
D:9:      layout_rooms, amcnicky_altar_gilded,
          chequers_temple_overflow_statue_of_worship, erik_lair_island
D:10:     layout_gridville, nicolae_uskayaw_murder_on_the_dancefloor
D:11:     wad_lake_hut, layout_cave_pools, gammafunk_ghost_ooze,
          portal_ice_cave_demonic_guard, uniq_maurice
D:12:     minmay_octagon_keep, layout_irregular_city, david_orc_5
D:13:     layout_rooms, eino_house_with_fridge
D:14:     layout_basic, grunt_vaults_entry_tiered, lemuel_crystal_altar
D:15:     hangedman_depths_entry_civil_slaughter, layout_basic, serial_bayou,
          serial_bayou_lagoon_b, serial_bayou_pond_e, serial_bayou_shore_b,
          serial_bayou_pond_d, nicolae_ru_the_path_less_chosen
Temple:   jpeg_temple_alley_garden
Lair:1:   layout_roguey, gammafunk_ghost_hydra_chop, uniq_urug
Lair:2:   layout_chaotic_city, infiniplex_staircase_pool_2,
          minmay_lair_oklob_chamber, uniq_erica
Lair:3:   layout_cave_pods, dummy_snake_entry, columned_hall_lemuel,
          grunt_forest_large_clearings
Lair:4:   layout_regular_city, minmay_swamp_entry_worms,
          gammafunk_ghost_necromancy, grunt_forest_stairs_basic
Lair:5:   layout_regular_city, lemuel_oklob_altar, serial_bayou_shore_b,
          lemuel_fruit_tree
Lair:6:   evilmike_catoblepas_cave, layout_big_grid, slime_dummy,
          hellmonk_ghost_happy_afterlife, chequers_serial_rivers_small_b,
          kilobyte_rumbling_trees, grunt_megastairs_5, uniq_kirke
Swamp:1:  layout_basic_swamp, hangedman_swamp_ruin_wall, swamp_pool2
Swamp:2:  layout_basic_swamp, evilmike_swamp_ruin_house_4
Swamp:3:  layout_basic_swamp, nicolae_swamp_triple_paths, swamp_pool4
Swamp:4:  swamp_pestilence, layout_basic_swamp
Snake:1:  layout_misc_corridors, uniq_donald
Snake:2:  layout_misc_corridors, serial_bayou_shore_b, uniq_aizul
Snake:3:  layout_rooms, minmay_shoptagon, grunt_megastairs_2
Snake:4:  snake_pit_salamanders_mu, layout_misc_corridors, serial_bayou_shore_a
Orc:1:    cheibrodos_orc_bank, layout_caves, serial_shops, shop_statue,
          uniq_snorg, uniq_josephine
Orc:2:    st_orc_pillars, layout_caves, serial_shops,
          nicolae_shop_overgrown_old_shop, mines5_lemuel
Vaults:1: nicolae_vaults_back_hallway, ontoclasm_vaults_ring_large,
          vaults_room_door_hall, v_misc_10, vaults_dpeg_ring, vaults_dpeg_cross,
          hangedman_vaults_cutoff, nicolae_vaults_hallways_thing, v_pattern_2,
          nicolae_vaults_ninety_degrees, v_misc_10,
          nicolae_vaults_fighting_squares, ontoclasm_vaults_shuriken,
          nicolae_vaults_little_squares_4, layout_vaults_omnibox, uniq_nikola,
          uniq_saint_roka
Vaults:2: nicolae_vaults_network_square, ontoclasm_vaults_decontamination,
          nicolae_vaults_network_quincunx
          [nicolae_vaults_network_quincunx_subvault,
          nicolae_vaults_network_quincunx_subvault,
          nicolae_vaults_network_quincunx_subvault,
          nicolae_vaults_network_quincunx_subvault,
          nicolae_vaults_network_quincunx_subvault],
          ontoclasm_vaults_claustrophobia, hangedman_vaults_stagger,
          ontoclasm_vaults_chip, v_misc_2, ontoclasm_vaults_misaligned,
          nicolae_vaults_little_squares_6, nicolae_vaults_circle_grid_a,
          vaults_mumra_minichess, vaults_mumra_lcd, nicolae_vaults_angled_halls,
          st_more_cells, nicolae_vaults_theta, layout_vaults_maze_snakey,
          serial_shops, nicolae_square_shop, shop,
          nicolae_shop_overgrown_old_shop, shop, shop

Skill      XL: |  1  2  3  4  5  6  7  8  9 10 11 12 13 14 15 16 17 18 19 |
---------------+----------------------------------------------------------+-----
Fighting       | 2 3 4 6 8 10 12 | 12.2
Summonings     | 5 6 8 10 12 13 16 19 20 | 20.0
Spellcasting   | 3 4 5 6 8 10 | 10.0
Stealth        | 2 4 6 |  6.0
Dodging        | 3 4 6 8 10 | 10.0
Maces & Flails | 6 8 10 11 12 14 16 | 16.0
Air Magic      | 3 4 |  4.0
Evocations     | 3 4 7 8 |  8.0
Invocations    | 2 4 6 8 10 12 | 12.0
Armour         | 1 4 6 8 |  8.0
Shields        | 4 |  4.0
Translocations | 3 4 |  4.0
Hexes          | 4 |  4.0
Throwing       | 3 6 |  6.0

Action                   |  1- 3 |  4- 6 |  7- 9 | 10-12 | 13-15 | 16-18 | 19-21 || total
-------------------------+-------+-------+-------+-------+-------+-------+-------++-------
Melee: Unarmed           |    25 |       |       |     3 |       |       |       ||    28
       Hand axe          |    79 |    60 |       |       |       |       |       ||   139
       Flail             |       |    61 |   293 |   160 |       |       |       ||   514
       Morningstar       |       |       |       |   254 |   889 |   996 |    59 ||  2198
       Punch             |       |       |       |     2 |       |       |       ||     2
       Eveningstar       |       |       |       |       |       |    14 |       ||    14
Throw: Dart              |       |     2 |     7 |       |     5 |    10 |       ||    24
 Cast: Summon Small Mamm |    16 |       |       |       |       |       |       ||    16
       Call Imp          |    18 |    29 |    18 |     5 |     1 |       |       ||    71
       Call Canine Famil |       |    14 |    49 |    54 |    30 |     1 |       ||   148
       Summon Guardian G |       |     1 |    18 |    16 |     6 |     1 |       ||    42
       Summon Lightning  |       |       |     2 |    29 |    37 |    28 |       ||    96
       Shadow Creatures  |       |       |       |       |   105 |   128 |     3 ||   236
       Summon Forest     |       |       |       |       |    12 |    57 |       ||    69
       Summon Mana Viper |       |       |       |       |       |     1 |       ||     1
       Summon Hydra      |       |       |       |       |       |    20 |     3 ||    23
       Monstrous Menager |       |       |       |       |       |     4 |       ||     4
Invok: Heroism           |       |       |       |     8 |    22 |    35 |     1 ||    66
 Abil: Hop               |     2 |     3 |     6 |     3 |     8 |    13 |       ||    35
Evoke: Wand              |       |       |     7 |    10 |     1 |       |       ||    18
       Condenser vane    |       |       |       |       |       |     1 |       ||     1
  Use: Scroll            |     2 |     7 |     5 |     7 |    10 |    18 |       ||    49
       Potion            |       |     1 |     3 |       |       |     7 |       ||    11
 Stab: Sleeping          |     1 |       |     1 |     1 |     1 |     8 |       ||    12
       Distracted        |       |       |     5 |     5 |    15 |    36 |     2 ||    63
       Paralysed         |       |       |       |     2 |       |       |       ||     2
       Petrified         |       |       |       |       |     4 |       |       ||     4
Armor: Robe              |    34 |       |       |       |       |       |       ||    34
       Ring mail         |    12 |    54 |   154 |    41 |       |       |       ||   261
       Troll leather arm |       |       |       |    52 |       |       |       ||    52
       Scale mail        |       |       |       |    97 |   304 |   484 |    15 ||   900
Dodge: Dodged            |    99 |   107 |   239 |   352 |   524 |   813 |    16 ||  2150
Block: Buckler           |       |       |       |    18 |   351 |   516 |    15 ||   900

Table legend: (Time is in decaauts)
 A = Elapsed time spent in this place.
 B = Non-inter-level travel time spent in this place.
 C = Inter-level travel time spent in this place.
 D = Time resting spent in this place.
 E = Time spent auto-exploring this place.
 F = Levels seen in this place.
 G = Mean time per level.
                   A        B        C        D        E       F      G
               +--------+--------+--------+--------+--------+-----+--------+
         Total |  68442 |  63526 |   4916 |  22943 |  30872 |  35 | 1955.5 |
       Dungeon |  33571 |  30952 |   2619 |  10595 |  15706 |  15 | 2238.1 |
        Temple |    355 |    313 |     42 |      0 |    299 |   1 |  355.0 |
          Lair |  12008 |  11123 |    885 |   3054 |   6569 |   6 | 2001.3 |
         Swamp |   7025 |   6722 |    303 |   2883 |   2946 |   4 | 1756.2 |
     Snake Pit |   9578 |   9010 |    568 |   4528 |   3089 |   4 | 2394.5 |
  Orcish Mines |   4022 |   3564 |    458 |    635 |   2188 |   2 | 2011.0 |
        Vaults |   1451 |   1413 |     38 |    889 |     73 |   2 |  725.5 |
      Ice Cave |    429 |    429 |      0 |    358 |      0 |   1 |  429.0 |
               +--------+--------+--------+--------+--------+-----+--------+

Top non-repeatable levels by time:
    D:14: 5154 daAuts
 Snake:4: 5075 daAuts
     D:4: 3365 daAuts
     D:7: 3030 daAuts
 Swamp:4: 2761 daAuts
  Lair:6: 2642 daAuts
   Orc:2: 2605 daAuts
    D:12: 2504 daAuts
     D:1: 2311 daAuts
     D:9: 2164 daAuts
     D:5: 2130 daAuts
  Lair:1: 2076 daAuts
     D:6: 2035 daAuts
     D:8: 2021 daAuts
  Lair:5: 1927 daAuts
